 Dungeon Crawl Stone Soup version 0.31-a0-1388-g4b2ba238e7 (webtiles) character file.

Game seed: 16450751271492574564

261 croobank the Firebug (level 5, -2/35 (38) HPs)
             Began as a Demigod Fire Elementalist on Dec 24, 2023.
             Shot with a bolt by a gnoll (3 damage)
             ... led by a gnoll sergeant
             ... on level 4 of the Dungeon.
             The game lasted 00:08:48 (3343 turns).

croobank the Firebug (Demigod Fire Elementalist)    Turns: 3343, Time: 00:08:48

HP:   -2/35 (38)    AC:  3    Str:  9    XL:     5   Next: 64%
MP:   1/11          EV: 12    Int: 21    God:
Gold: 37            SH:  0    Dex: 14    Spells: 3/9 levels left

rFire   . . .        b - +0 sling
rCold   . . .        (no shield)
rNeg    . . .        c - +0 robe
rPois   .            (no helmet)
rElec   .            (no cloak)
rCorr   .            s - +0 pair of gloves
SInv    .            (no boots)
Will    .....        (no amulet)
Stlth   ++           (no ring)
HPRegen 0.25/turn    (no ring)
MPRegen 0.12/turn

%: no passive effects
@: drained
A: high MP 1, forlorn, divine attributes
a: no special abilities


You were on level 4 of the Dungeon.
You visited 1 branch of the dungeon, and saw 4 of its levels.

You collected 180 gold pieces.
You spent 143 gold pieces at shops.

Inventory:

Hand Weapons
 a - a +2 short sword of venom
 b - a +0 sling (weapon)
 d - a +0 dagger
 A - a +0 long sword
 B - a +2 dagger of venom
Missiles
 g - 6 poisoned darts
 u - 6 curare-tipped darts
Armour
 c - a +0 robe (worn)
 p - a +0 ring mail
 s - a +0 pair of gloves (worn)
Wands
 w - a wand of iceblast (3)
 x - a wand of flame (14)
 y - a wand of charming (5)
Scrolls
 e - a scroll of poison {unknown}
 f - 2 scrolls of noise
 h - a scroll of fog {unknown}
 i - 2 scrolls of torment {unknown}
 v - 3 scrolls of identify {unknown}
 z - a scroll of teleportation {unknown}
Potions
 j - a potion of magic
 k - a potion of lignification {unknown}
 l - a potion of berserk rage {unknown}
 m - 2 potions of attraction {unknown}
 n - 2 potions of enlightenment
 o - a potion of ambrosia {unknown}
 q - a potion of haste {unknown}
 r - 2 potions of curing
 t - a potion of might {unknown}
 C - a potion of heal wounds


   Skills:
 + Level 2.8 Dodging
 + Level 2.8 Stealth
 + Level 2.5 Spellcasting
 + Level 2.2 Conjurations
 * Level 2.2 Hexes
 + Level 3.4 Fire Magic


You had 3 spell levels left.
You knew the following spells:

 Your Spells              Type           Power      Damage    Failure   Level
a - Foxfire               Conj/Fire      56%        2x1d6     4%          1
b - Scorch                Fire           34%        2d6       5%          2
c - Inner Flame           Hex/Fire       14%        N/A       13%         3

Your spell library contained the following spells:

 Spells                   Type           Power      Damage    Failure   Level
 Volatile Blastmotes      Fire/Tloc      18%        2d11      21%         3
 Call Imp                 Summ           4%         N/A       22%         2
 Sublimation of Blood     Necr           2%         N/A       22%         2
 Flame Wave               Conj/Fire      14%        2d6       41%         4
 Summon Hydra             Summ           1%         N/A       100%        7


Dungeon Overview and Level Annotations

Branches:
Dungeon (4/15)
 Temple: D:4-7

Shops:
D:4 !


Innate Abilities, Weirdness & Mutations

You have an increased reservoir of magic. (+10% MP)
You shall have no god before yourself.
Your divine heritage dramatically boosts your attributes as you level up.


Message History

The gnoll shouts!
The gnoll shoots a bolt.
The bolt misses you.
Casting: Foxfire (safe; 4% risk of failure)
Confirm with . or Enter, or press ? or * to list all spells.
You conjure some foxfire!
The foxfire hits the gnoll but does no damage.
The foxfire hits the gnoll.
The gnoll is moderately wounded.
Casting: Foxfire (safe; 4% risk of failure)
Confirm with . or Enter, or press ? or * to list all spells.
You conjure some foxfire!
The foxfire hits the gnoll.
The gnoll is heavily wounded.
The foxfire hits the gnoll.
The gnoll is almost dead.
The gnoll shoots a bolt.
The bolt hits you!
You feel drained.
Casting: Foxfire (safe; 4% risk of failure)
Confirm with . or Enter, or press ? or * to list all spells.
You conjure some foxfire!
The foxfire hits the gnoll.
You kill the gnoll!
The foxfire hits the gnoll but does no damage.
Casting: Foxfire (safe; 4% risk of failure)
Confirm with . or Enter, or press ? or * to list all spells.
You conjure some foxfire!
The foxfire hits the gnoll but does no damage.
The foxfire hits the gnoll.
The gnoll is moderately wounded.
The gnoll shoots a bolt.
The bolt hits you!
* * * LOW HITPOINT WARNING * * *
You feel drained.
Casting: Foxfire (safe; 4% risk of failure)
Confirm with . or Enter, or press ? or * to list all spells.
You don't have enough magic to cast this spell.
The foxfire hits the gnoll but does no damage.
The gnoll is moderately wounded.
The foxfire hits the gnoll.
The gnoll is heavily wounded.
The gnoll shoots a bolt.
The bolt hits you!
* * * LOW HITPOINT WARNING * * *
You feel drained.
You die...

..........#
......##..##
...... ##..#
...... ##..###
..... ##..#..###
...####........#
....##8.8.8...<#
#......†§§....#
#....g)§§@....#
#..#...§§§..###
......8†8.8.....#
..#..#...........#
..#####..........#
...).....#.##
.........###
..........#
...........#


You could see a gnoll.

Vanquished Creatures
  A scorpion (D:4)
  An iguana (D:4)
  4 gnolls
  6 adders
  3 worms
  2 dart slugs
  An orc (D:3)
  10 bats
  3 endoplasms
  2 giant cockroaches (D:2)
  7 goblins
  9 hobgoblins
  6 quokkas
  5 ball pythons
  3 frilled lizards
  7 kobolds
  3 rats
73 creatures vanquished.

Vanquished Creatures (others)
  84 foxfires
84 creatures vanquished.

Grand Total: 157 creatures vanquished

Notes
Turn   | Place    | Note
-------+----------+-------------------------------------------
     0 | D:1      | croobank the Demigod Fire Elementalist began the quest for
                  | the Orb.
     0 | D:1      | Reached XP level 1. HP: 14/14 MP: 5/5
    31 | D:1      | Reached skill level 1 in Conjurations
   330 | D:1      | Reached XP level 2. HP: 20/20 MP: 4/7
   333 | D:1      | Learned a level 2 spell: Scorch
  1221 | D:2      | Reached skill level 3 in Fire Magic
  1221 | D:2      | Reached XP level 3. HP: 19/26 MP: 0/8
  1296 | D:2      | Learned a level 3 spell: Inner Flame
  1583 | D:2      | Reached skill level 1 in Hexes
  1583 | D:2      | Reached XP level 4. HP: 33/33 MP: 4/10
  3114 | D:4      | Found Nydwilogg's Distillery.
  3118 | D:4      | Reached XP level 5. HP: 38/38 MP: 6/11
  3225 | D:4      | Bought a potion of heal wounds for 55 gold pieces
  3225 | D:4      | Bought a potion of curing for 33 gold pieces
  3225 | D:4      | Bought a potion of enlightenment for 55 gold pieces
  3334 | D:4      | Identified the +5 arbalest of Haked {drain, rC+ Str+5
                  | Int+2}
  3343 | D:4      | HP: 1/36 [gnoll/bolt[a gnoll sergeant] (7)]
  3343 | D:4      | Shot with a bolt by a gnoll

Illustrated notes

Levels and vault maps discovered:
D:1:      minmay_arrival_plants_in_alcoves, layout_basic, bh_walls_and_bars
D:2:      layout_basic, minmay_misc_feat_ornament, hangedman_decor_push
D:3:      layout_basic, grunt_gozag_breadcrumbs, dk_noncrumbling_2
D:4:      layout_cave_pools, nicolae_stop_n_shop_2, grunt_decor_arrowhead,
          lightli_minifort

Skill      XL: |  1  2  3  4  5 |
---------------+----------------+-----
Conjurations   | 1 2 |  2.2
Stealth        | 2 |  2.8
Dodging        | 2 |  2.8
Spellcasting   | 2 |  2.5
Fire Magic     | 3 |  3.4
Hexes          | 1 2 |  2.2

Action                     |  1- 3 |  4- 6 || total
---------------------------+-------+-------++-------
  Melee: Short sword       |    10 |       ||    10
   Fire: Sling             |    27 |    70 ||    97
   Cast: Foxfire           |    28 |    22 ||    50
         Scorch            |    18 |    28 ||    46
    Use: Scroll            |       |     1 ||     1
   Stab: Sleeping          |     1 |       ||     1
 Armour: Robe              |    11 |    23 ||    34
  Dodge: Dodged            |    13 |    26 ||    39

Table legend: (Time is in decaauts)
 A = Elapsed time spent in this place.
 B = Non-inter-level travel time spent in this place.
 C = Inter-level travel time spent in this place.
 D = Time resting spent in this place.
 E = Time spent auto-exploring this place.
 F = Levels seen in this place.
 G = Mean time per level.
                   A        B        C        D        E       F      G
               +--------+--------+--------+--------+--------+-----+--------+
         Total |   3379 |   3320 |     59 |    448 |   2246 |   4 |  844.8 |
       Dungeon |   3379 |   3320 |     59 |    448 |   2246 |   4 |  844.8 |
               +--------+--------+--------+--------+--------+-----+--------+

Top non-repeatable levels by time:
     D:1: 1170 daAuts
     D:3: 1028 daAuts
     D:2: 945 daAuts
     D:4: 235 daAuts
